 Dungeon Crawl Stone Soup version 0.31.0-9-g3a7656b989 (webtiles) character file.

Game seed: 142723254589952609

105 Peloso the Covered (level 4, 45/45 HPs)
             Began as a Minotaur Fighter on Jan 28, 2024.
             Got out of the dungeon alive.
             The game lasted 00:02:39 (2274 turns).

Peloso the Covered (Minotaur Fighter)               Turns: 2274, Time: 00:02:40

Health: 45/45      AC: 12    Str: 21    XL:     4   Next: 53%
Magic:  3/3        EV:  6    Int:  5    God:
Gold:   115        SH:  4    Dex:  9    Spells: 3/3 levels left

rFire   . . .        a - +0 long sword
rCold   . . .        c - +0 buckler
rNeg    . . .        p - +0 plate armour
rPois   .            (helmet restricted)
rElec   .            (no cloak)
rCorr   .            (no gloves)
SInv    .            (no boots)
Will    .....        (no amulet) Stlth
                     (no ring)
HPRegen 0.27/turn    (no ring)
MPRegen 0.08/turn

%: no passive effects
@: no status effects
A: horns 2, retaliatory headbutt, hooves 1, clumsy 1, robust 1
a: no special abilities


You escaped.
You visited 1 branch of the dungeon, and saw 3 of its levels.

You collected 115 gold pieces.

Inventory:

Hand Weapons
 a - a +0 long sword (weapon)
Armour
 b - a +0 scale mail
 c - a +0 buckler (worn)
 p - a +0 plate armour (worn)
Jewellery
 h - a ring of see invisible
 k - a ring of fire
 l - a +6 ring of strength
Scrolls
 e - a scroll of revelation {unknown}
 f - a scroll of noise {unknown}
 i - a scroll of teleportation {unknown}
 j - a scroll of silence {unknown}
 n - a scroll of butterflies {unknown}
 o - a scroll of vulnerability {unknown}
Potions
 d - a potion of might
 g - 2 potions of cancellation
 m - a potion of ambrosia {unknown}


   Skills:
 + Level 4.4 Fighting
 + Level 3.5 Long Blades
 + Level 4.5 Armour
 + Level 0.4 Dodging
 + Level 4.4 Shields


You had 3 spell levels left.
You didn't know any spells.
Your spell library contained the following spells:

 Spells                   Type           Power      Damage    Failure   Level
 Magic Dart               Conj           0%         1d3       100%        1
 Searing Ray              Conj           0%         2d4       100%        2
 Summon Ice Beast         Ice/Summ       0%         N/A       100%        3
 Fulminant Prism          Conj/Alch      0%         3d5       100%        4
 Summon Mana Viper        Hex/Summ       0%         N/A       100%        5
 Monstrous Menagerie      Summ           0%         N/A       100%        7


Dungeon Overview and Level Annotations

Branches:
Dungeon (3/15)

Altars:
Uskayaw


Innate Abilities, Weirdness & Mutations

You have a pair of horns on your head.
You reflexively headbutt those who attack you in melee.
You have large cloven feet.
You are clumsy. (Dex -2)
You are robust. (+10% HP)


Message History

You shake off some of the fire as you move.
The liquid fire burns you!
You see here a bombardier beetle corpse.
You shake off some of the fire as you move.
The liquid fire burns you!
You shake off the liquid fire.
An adder comes into view.
The adder hisses angrily.
An adder is nearby!
An adder is nearby!
You hit the adder.
The adder is heavily wounded.
The adder bites you but does no damage. You block the adder's attack.
You hit the adder.
You kill the adder!
You see here an adder corpse.
Found an escape hatch in the ceiling.
You feel a genetic drift.
Your feet thicken and deform.
You no longer feel a hidden potential within.
There is an escape hatch in the ceiling here.
Found a stone staircase leading up.
You enter the shallow water.
Moving in this stuff is going to be slow.
You hit the bush but do no damage. You kick the bush, but do no damage.
You headbutt the bush, but do no damage.
What level of the Dungeon? (default 12, ? - help)
You enter the shallow water.
Moving in this stuff is going to be slow.
There is a stone staircase leading up here.
You climb upwards.
There is a stone staircase leading down here.
There is a stone staircase leading up here.
You climb upwards.
There is a stone staircase leading down here.
There is a large open door here.
There is a large open door here.
There is a fountain of clear blue water here.
There is a staircase leading out of the dungeon here.
You have escaped!

#....##.# #.# #.#####.# #.#
#.#####.## #.#
########........######.#
....##...#....#...##...#
###........#.........#.# ##### #
#.##.###.##..#'#..##.# ##....
###.##.# #..####⌠####..# ##.....
....##.###8..''⌠@⌠''..8# #......
###.........####⌠####..## #.....)
..##.......##..#'#..##..# #......
#.##.#.....#.........#..# ##.....
#.##.#..#....#....##....####.....
..##.#..........######...........
.....##.##......######.#####.....
..#####.####.....................
..# #...# #...#######...........


There were no monsters in sight!

Vanquished Creatures
  A bombardier beetle (D:3)
  Jessica (D:2)
  An adder (D:3)
  A dart slug (D:1)
  An orc (D:3)
  8 ball pythons
  An endoplasm (D:2)
  A giant cockroach (D:1)
  A goblin (D:1)
  5 hobgoblins
  4 jackals (D:1)
  3 kobolds
  2 bats (D:2)
  5 frilled lizards
  3 rats (D:1)
38 creatures vanquished.

Notes
Turn   | Place    | Note
-------+----------+-------------------------------------------
     0 | D:1      | Peloso the Minotaur Fighter began the quest for the Orb.
     0 | D:1      | Reached XP level 1. HP: 19/19 MP: 0/0
   106 | D:1      | Reached XP level 2. HP: 25/27 MP: 1/1
   651 | D:1      | Gained mutation: You possess an exceptional clarity of
                  | mind. [potion of mutation]
   651 | D:1      | Gained mutation: Your spells are a little harder to cast,
                  | but a little more powerful. [potion of mutation]
   651 | D:1      | Gained mutation: You are weak. (Str -2) [potion of
                  | mutation]
   652 | D:1      | Lost mutation: You are weak. (Str -2) [potion of mutation]
   652 | D:1      | Lost mutation: You possess an exceptional clarity of mind.
                  | [potion of mutation]
   652 | D:1      | Gained mutation: You are clumsy. (Dex -2) [potion of
                  | mutation]
   652 | D:1      | Lost mutation: Your spells are a little harder to cast, but
                  | a little more powerful. [potion of mutation]
   652 | D:1      | Gained mutation: You have hidden genetic potential. [potion
                  | of mutation]
   833 | D:2      | Reached XP level 3. HP: 28/33 MP: 2/2
  1452 | D:2      | Noticed Jessica
  1459 | D:2      | Killed Jessica
  1464 | D:2      | Gained mutation: You are robust. (+10% HP) [hidden
                  | potential]
  1937 | D:3      | Found a hide-covered altar of Uskayaw.
  1992 | D:3      | Identified the +2 robe "Vaarr" {rElec rN+ rCorr Int-5}
  2046 | D:3      | Reached XP level 4. HP: 28/45 MP: 3/3
  2150 | D:3      | Gained mutation: You have large cloven feet. [hidden
                  | potential]
  2150 | D:3      | Lost mutation: You have hidden genetic potential. [hidden
                  | potential expressed]
  2274 | D:$      | Got out of the dungeon alive.

Illustrated notes

Levels and vault maps discovered:
D:1:      grunt_arrival_crossed_arrows, layout_loops_ring,
          minmay_curled_crystal, chequers_serial_rivers_micro_e,
          minmay_shallow_snake_nest
D:2:      layout_basic, uniq_jessica
D:3:      layout_loops_ring, marbit_many_paths,
          mainiacjoe_overflow_concentric_impassable,
          nicolae_elyvilon_peaceful_grove, mainiacjoe_overflow_24_doors

Skill      XL: |  1  2  3 |
---------------+----------+-----
Fighting       | 4 |  4.4
Shields        | 4 |  4.4
Armour         | 4 |  4.5
Long Blades    | 3 |  3.5
Dodging        | |  0.4

Action                     |  1- 3 |  4- 6 || total
---------------------------+-------+-------++-------
  Melee: Long sword        |    69 |     3 ||    72
         Headbutt          |    13 |     1 ||    14
         Kick              |       |     1 ||     1
    Use: Potion            |     5 |       ||     5
         Scroll            |     1 |       ||     1
 Armour: Scale mail        |    29 |       ||    29
         Plate armour      |     7 |     1 ||     8
  Dodge: Dodged            |    28 |       ||    28
  Block: Buckler           |    12 |     1 ||    13
